 Dungeon Crawl Stone Soup version 0.29-a0-284-gf9362112df (webtiles) character file.

Game seed: 2963474001741775127

8899 YayAnonymity the Cleaver (level 11, -11/75 HPs)
             Began as a Formicid Fighter on Mar 18, 2022.
             Was a Believer of Qazlal.
             Mangled by an orc warlord
             ... wielding a +0 war axe
              (22 damage)
             ... in a bailey.
             The game lasted 00:17:48 (12546 turns).

YayAnonymity the Cleaver (Formicid Fighter)        Turns: 12546, Time: 00:17:49

Health: -11/75     AC: 18    Str: 26    XL:     11   Next: 64%
Magic:  14/17      EV:  7    Int:  7    God:    Qazlal [**....]
Gold:   530        SH: 12    Dex: 10    Spells: 10/10 levels left

rFire   . . .      SeeInvis +   a - +0 battleaxe (venom)
rCold   . . .      Faith    .   c - +0 buckler
rNeg    . . .      Spirit   .   e - +1 plate armour
rPois   .          Reflect  +   (helmet unavailable)
rElec   .          Harm     .   o - +0 cloak {Stlth+}
rCorr   .          Rampage  .   n - +0 pair of gloves
Will    +....                   k - +0 pair of boots
Stlth   ..........              y - amulet of reflection
HPRegen 0.22/turn               (no ring)
MPRegen 0.15/turn               (no ring)

@: no status effects
A: permanent stasis, dig shafts and tunnels, antennae 3, four strong arms
a: Dig, Renounce Religion, Upheaval


You were in a bailey.
You worshipped Qazlal.
Qazlal was pleased with you.
You visited 2 branches of the dungeon, and saw 10 of its levels.
You also visited: Ossuary and Bailey.

You collected 530 gold pieces.

Inventory:

Hand Weapons
 a - a +0 battleaxe of venom (weapon)
 b - a +7 long sword
Missiles
 d - 5 poisoned darts (quivered)
 x - 15 boomerangs
Armour
 c - a +0 buckler (worn)
 e - a +1 plate armour (worn)
 k - a +0 pair of boots (worn)
 n - a +0 pair of gloves (worn)
 o - a +0 cloak of stealth (worn)
Jewellery
 y - an amulet of reflection (around neck)
Wands
 i - a wand of flame (15)
 p - a wand of polymorph (4)
Scrolls
 s - 3 scrolls of enchant armour
 u - a scroll of immolation {unknown}
 w - 2 scrolls of amnesia
 A - a scroll of fog {unknown}
 B - a scroll of magic mapping
Potions
 f - 3 potions of mutation
 g - 2 potions of flight
 h - a potion of resistance
 j - 2 potions of lignification
 l - 2 potions of heal wounds
 m - a potion of magic
 q - 7 potions of curing
 r - 2 potions of cancellation
 t - 3 potions of might
 v - 2 potions of attraction
 z - a potion of invisibility


   Skills:
 + Level 3.2 Fighting
 * Level 14.6 Axes
 + Level 8.0 Armour
 + Level 3.6 Shields
 + Level 8.0 Invocations


You had 10 spell levels left.
You didn't know any spells.
Your spell library contained the following spells:

 Spells                   Type           Power      Damage    Failure   Level
 Ignite Poison            Fire/Tmut/Pois 0%         N/A       100%        3
 Mephitic Cloud           Conj/Pois/Air  0%         N/A       100%        3
 Freezing Cloud           Conj/Ice/Air   0%         6-21      100%        5


Dungeon Overview and Level Annotations

Branches:
Dungeon (9/15)             Temple (1/1) D:5            Lair (0/6) D:8
Ossuary (visited)          Bailey (1/1)
    Orc: D:9-12

Altars:
Ashenzari
Cheibriados
Dithmenos
Elyvilon
Fedhas
Gozag
Hepliaklqana
Kikubaaqudgha
Makhleb
Nemelex Xobeh
Okawaru
Qazlal
Ru
Sif Muna
Trog
Uskayaw
Vehumet
Wu Jian
Xom
Yredelemnul
Zin
The Shining One


Innate Abilities, Weirdness & Mutations

You cannot be hasted, slowed, berserked, paralysed or teleported.
You can dig through walls and to a lower floor.
You have a pair of large antennae on your head. (SInv)
Your four strong arms can wield two-handed weapons with a shield.


Message History

You block the orc warlord's attack.
You barely miss the orc warlord.
The orc warlord is moderately wounded.
The orc warlord hits you with a +0 war axe!
You hit the orc warlord.
The orc warlord looks as sick as possible!
The orc warlord is moderately wounded.
The orc warlord hits you with a +0 war axe!
You hit the orc warlord.
The orc warlord looks as sick as possible!
The orc warlord is moderately wounded.
You block the orc warlord's attack.
You slice the orc warlord!!
The orc warlord looks as sick as possible!
The orc warlord is heavily wounded.
You block the orc warlord's attack.
You hit the orc warlord.
The orc warlord is severely wounded.
You block the orc warlord's attack.
You closely miss the orc warlord.
The orc warlord is severely wounded.
The orc warlord hits you with a +0 war axe!
The orc warlord attacks as you move away!
The orc warlord hits you with a +0 war axe!!
* * * LOW HITPOINT WARNING * * *
You feel much better.
The orc warlord hits you but does no damage.
You hit the orc warlord but do no damage.
The orc warlord looks as sick as possible!
The orc warlord is almost dead.
The orc warlord hits you with a +0 war axe.
* * * LOW HITPOINT WARNING * * *
You barely miss the orc warlord.
The orc warlord is almost dead.
You block the orc warlord's attack.
You closely miss the orc warlord.
The orc warlord is almost dead.
The orc warlord curses loudly, as Orcs often do.
The orc warlord hits you with a +0 war axe!!
You die...

...#≈!........≈#....##
÷..##8.8...8.8≈##...#
....#.....(.(.≈≈'...#
....#....∩...(≈≈'...#
....#.........≈('...#
...##8.8...8.8≈##...#
...#≈?........≈#....##
...#≈=.....≈#≈≈#o....##
...##≈≈≈#≈≈≈####@.....##
....#########......8...#
.8....'.....)).........#
......#≈≈≈≈≈#..........#
......#≈≈≈))#...8..8.!##
.8...##≈≈)≈)##.......##
....##...)...##.....##
...##.........##...##
####♣♣♣.....♣♣♣#####


You could see an orc warlord (extremely poisoned).

Vanquished Creatures
  A boulder beetle (D:6)
  An orc knight (Bailey)
  Maggie (D:6)
  A komodo dragon (D:8)
  Grinder (D:4)
  A hornet (D:8)
  Prince Ribbit (D:6)
  Sigmund (D:2)
  2 wraiths (D:6)
  9 yaks
  A steam dragon (D:7)
  An acid dragon (D:9)
  3 water moccasins
  Duvessa (D:6)
  4 orc warriors
  An ice beast (D:6)
  A sky beast (D:6)
  4 black bears
  A centaur (D:8)
  2 phantoms
  Blork the orc (D:5)
  3 elf zombies (Ossuary)
  A bullfrog (D:7)
  2 necrophages
  2 scorpions (D:5)
  15 wights
  Dowan (D:6)
  7 killer bees
  A howler monkey (D:9)
  7 centaur zombies (Ossuary)
  2 hounds (D:6)
  2 jellies
  Crazy Yiuf (D:5)
  A gnoll shaman (D:6)
  2 orc priests
  2 human zombies (Ossuary)
  5 iguanas
  Terence (D:3)
  Jessica (D:2)
  15 orc wizards
  3 mummies (Ossuary)
  Robin (D:3)
  12 adders
  7 gnolls
  A white imp (D:8)
  2 ufetubi
  3 worms
  4 dart slugs
  28 orcs
  4 endoplasms
  8 giant cockroaches
  16 goblins
  10 hobgoblins
  9 jackals
  5 quokkas
  6 ball pythons
  7 bats
  4 frilled lizards
  15 kobolds
  4 rats
259 creatures vanquished.

Vanquished Creatures (others)
  8 fungi (D:8)
  9 plants (D:8)
17 creatures vanquished.

Grand Total: 276 creatures vanquished

Notes
Turn   | Place    | Note
-------+----------+-------------------------------------------
     0 | D:1      | YayAnonymity the Formicid Fighter began the quest for the
                  | Orb.
     0 | D:1      | Reached XP level 1. HP: 18/18 MP: 1/1
   122 | D:1      | Reached XP level 2. HP: 24/24 MP: 2/2
   413 | D:1      | Reached XP level 3. HP: 29/29 MP: 3/3
   516 | D:2      | Noticed Sigmund
   676 | D:2      | Found a faded altar of an unknown god.
   756 | D:2      | Reached skill level 3 in Axes
   890 | D:2      | Noticed Jessica
   897 | D:2      | Killed Jessica
   898 | D:2      | Reached XP level 4. HP: 19/35 MP: 4/4
  1268 | D:2      | HP: 1/35 [Sigmund/+0 scythe (5)]
  1270 | D:2      | Killed Sigmund
  1271 | D:2      | Reached skill level 4 in Axes
  1271 | D:2      | Reached skill level 5 in Armour
  1271 | D:2      | Reached XP level 5. HP: 1/41 MP: 5/5
  1271 | D:2      | Reached XP level 6. HP: 2/47 MP: 6/6
  1977 | D:3      | Noticed Robin
  2002 | D:3      | Killed Robin
  2422 | D:3      | Reached skill level 5 in Axes
  2448 | D:3      | Noticed Terence
  2465 | D:3      | Killed Terence
  2466 | D:3      | Reached XP level 7. HP: 39/52 MP: 7/7
  3147 | D:4      | Noticed Grinder
  3166 | D:4      | Killed Grinder
  3167 | D:4      | Reached skill level 6 in Axes
  3386 | D:4      | Reached XP level 8. HP: 49/55 MP: 8/8
  4067 | D:5      | Entered Level 5 of the Dungeon
  4072 | D:5      | Noticed Blork the orc
  4082 | D:5      | Killed Blork the orc
  4083 | D:5      | Reached skill level 7 in Axes
  4164 | D:5      | Found a sand-covered staircase.
  4169 | Ossuary  | Entered an ossuary
  4406 | Ossuary  | Reached skill level 8 in Axes
  4423 | Ossuary  | Reached XP level 9. HP: 9/62 MP: 9/9
  4804 | Ossuary  | Reached skill level 9 in Axes
  5652 | D:5      | Found a staircase to the Ecumenical Temple.
  5662 | Temple   | Entered the Ecumenical Temple
  5734 | Temple   | Became a worshipper of Qazlal Stormbringer
  6099 | D:5      | Reached skill level 10 in Axes
  6154 | D:5      | Found a runed translucent door.
  6155 | D:5      | Noticed Crazy Yiuf
  6352 | D:5      | Killed Crazy Yiuf
  6540 | D:6      | Noticed Prince Ribbit
  6556 | D:6      | Killed Prince Ribbit
  6557 | D:6      | Reached skill level 1 in Invocations
  6875 | D:6      | Noticed Maggie
  6910 | D:6      | Killed Maggie
  7310 | D:6      | Reached XP level 10. HP: 54/70 MP: 12/12
  7400 | D:6      | Reached skill level 11 in Axes
  7465 | D:6      | Noticed a boulder beetle
  7485 | D:6      | HP: 1/70 [boulder beetle (11)]
  7490 | D:6      | Killed a boulder beetle
  7491 | D:6      | Reached skill level 5 in Invocations
  7985 | D:6      | Reached skill level 12 in Axes
  8590 | D:7      | Noticed Duvessa
  8594 | D:7      | Noticed Dowan
  8605 | D:6      | Reached * piety under Qazlal
  8738 | D:6      | Killed Dowan
  8748 | D:6      | Killed Duvessa
  9680 | D:7      | Found an opulent altar of Gozag.
 10297 | D:8      | Noticed a komodo dragon
 10309 | D:8      | Killed a komodo dragon
 10310 | D:8      | Reached skill level 13 in Axes
 10310 | D:8      | Reached XP level 11. HP: 48/72 MP: 16/16
 10821 | D:8      | Found a staircase to the Lair.
 10919 | D:8      | Noticed an angel
 10920 | D:8      | Found a glowing silver altar of Zin.
 11061 | D:8      | Identified the +8 plate armour of Elyvilon's Generosity
                  | {Harm Will- Int+4}
 11524 | D:9      | Reached ** piety under Qazlal
 11525 | D:9      | Reached skill level 14 in Axes
 12008 | D:9      | Found a flagged portal.
 12043 | Bailey   | Entered a bailey
 12075 | Bailey   | Noticed an orc warlord
 12156 | Bailey   | Reached *** piety under Qazlal
 12158 | Bailey   | Noticed an orc knight
 12181 | Bailey   | Killed an orc knight
 12423 | Bailey   | Found a runed translucent gate.
 12423 | Bailey   | Found a runed translucent gate.
 12423 | Bailey   | Found a runed translucent gate.
 12541 | Bailey   | HP: 2/75 [orc warlord/+0 war axe (28)]
 12546 | Bailey   | Mangled by an orc warlord

Illustrated notes

Levels and vault maps discovered:
D:1:      minmay_arrival_semitransparent, layout_rooms
D:2:      layout_basic, basic_ecumenical_altar, uniq_sigmund, uniq_jessica
D:3:      layout_loops_corners, uniq_terence, uniq_robin
D:4:      layout_rooms, uniq_grinder
D:5:      layout_loops_ring, temple_hall, nicolae_ossuary_entry_false_entrances,
          gup_sewer_entry_glass, uniq_crazy_yiuf_cottage, uniq_blork_the_orc
D:6:      minmay_flawed_box, layout_loops_corners, kb_rosetta,
          uniq_prince_ribbit1, uniq_maggie
D:7:      layout_basic, nicolae_overflow_hidden_temple, uniq_duvessa
D:8:      layout_gridville, zin_angel, grunt_lair_entry_orc_guard_hut
D:9:      layout_basic, enter_bailey_3
Temple:   mainiacjoe_temple_cubbyholes
Bailey:   bailey_axe_bossmonster_kennysheep, bailey

Skill      XL: |  1  2  3  4  5  6  7  8  9 10 11 |
---------------+----------------------------------+-----
Axes           | 3 4 5 6 8 10 13 14 | 14.6
Armour         | 4 5 6 7 8 |  8.0
Invocations    | 3 7 8 |  8.0
Fighting       | |  3.2
Shields        | |  3.6

Action                   |  1- 3 |  4- 6 |  7- 9 | 10-12 || total
-------------------------+-------+-------+-------+-------++-------
Melee: War axe           |    84 |    92 |   339 |   152 ||   667
       Long sword        |       |       |    23 |     9 ||    32
       Battleaxe         |       |       |       |   294 ||   294
Throw: Dart              |       |       |     6 |     6 ||    12
Invok: Upheaval          |       |       |       |     2 ||     2
 Abil: Dig               |       |       |     7 |     3 ||    10
  Use: Potion            |       |     1 |     2 |     4 ||     7
       Scroll            |       |       |    14 |     5 ||    19
Armor: Plate armour      |    62 |    55 |   264 |   251 ||   632
       Scale mail        |     2 |       |       |       ||     2
Dodge: Dodged            |    21 |    32 |   116 |   135 ||   304
Block: Buckler           |    21 |    29 |    73 |   205 ||   328
       Reflection        |       |       |       |    13 ||    13

Table legend: (Time is in decaauts)
 A = Elapsed time spent in this place.
 B = Non-inter-level travel time spent in this place.
 C = Inter-level travel time spent in this place.
 D = Time resting spent in this place.
 E = Time spent auto-exploring this place.
 F = Levels seen in this place.
 G = Mean time per level.
                   A        B        C        D        E       F      G
               +--------+--------+--------+--------+--------+-----+--------+
         Total |  12699 |  12344 |    355 |   2025 |   7734 |  12 | 1058.2 |
       Dungeon |  11025 |  10722 |    303 |   1784 |   6724 |   9 | 1225.0 |
        Temple |    408 |    356 |     52 |      0 |    341 |   1 |  408.0 |
       Ossuary |    747 |    747 |      0 |     75 |    532 |   1 |  747.0 |
        Bailey |    517 |    517 |      0 |    166 |    137 |   1 |  517.0 |
               +--------+--------+--------+--------+--------+-----+--------+

Top non-repeatable levels by time:
     D:6: 2794 daAuts
     D:8: 1456 daAuts
     D:2: 1369 daAuts
     D:5: 1276 daAuts
     D:4: 1096 daAuts
     D:3: 1036 daAuts
     D:7: 968 daAuts
 Ossuary: 747 daAuts
     D:1: 652 daAuts
  Bailey: 517 daAuts
  Temple: 408 daAuts
     D:9: 374 daAuts
